Map: New Repugnancy LE

Players

Zanster

  • Race: Zerg Zerg
  • Spawn Location: 7:00

ShaDoWn - Winner!

  • Race: Protoss Protoss
  • Spawn Location: 1:00

Event: 2019 WCS Summer

VOD

Have the link to the VOD?

Description

Time

  • Played on: July 12, 2019, 4:11 p.m.
  • Length: 13:56

All games in this series

Show
View Real Time Build Order
Export as new Build Order

Zanster Zerg 

Build Orders: Pool First, Lurkers 

Get SALT Encoding   

  12  0:00  Drone  
  13  0:12  Overlord  
  13  0:17  Drone  
  14  0:31  Drone x2  
  14  0:34  Drone  
  17  0:44  Spawning Pool  
  17  0:46  Extractor  
  16  0:50  Drone  
  16  0:58  Drone  
  17  1:08  Drone  
  18  1:22  Hatchery  
  17  1:32  Zergling x4  
  21  1:42  Zergling x2  
  22  1:52  Lair  
  22  1:54  Zergling x2  
  21  2:00  Zergling x2  
  22  2:12  Overlord  
  22  2:13  Extractor  
  21  2:23  Zergling x2  
  21  2:25  Metabolic Boost  
  22  2:33  Zergling x2  
  21  2:45  Zergling x4  
  21  2:46  Queen  
  25  2:57  Zergling x6  
  27  3:07  Nydus Network  
  27  3:10  Zergling x2  
  27  3:15  Zergling x2  
  27  3:20  Zergling x2  
  27  3:23  Zergling x2  
  29  3:27  Zergling x2  
  30  3:39  Zergling x6  
  31  3:49  Nydus Canal  
  31  3:50  Zergling x4  
  31  3:58  Zergling x4  
  33  4:04  Zergling x2  
  33  4:07  Zergling x2  
  33  4:15  Zergling x2  
  33  4:16  Zergling x2  
  34  4:28  Zergling x2  
  33  4:38  Zergling x2  
  33  4:39  Zergling x2  
  32  4:49  Zergling x8  
  33  4:55  Zergling x2  
  32  5:00  Zergling x2  
  32  5:02  Zergling x2  
  31  5:07  Zergling x2  
  28  5:14  Queen  
  30  5:26  Drone x3  
  30  5:30  Drone  
  30  5:33  Drone  
  28  5:39  Drone  
  28  5:42  Drone  
  26  5:57  Queen  
  26  6:02  Hydralisk Den  
  26  6:03  Drone x3  
  30  6:06  Drone  
  31  6:18  Nydus Canal  
  31  6:19  Zergling x4  
  32  6:25  Zergling x2  
  32  6:26  Zergling x8  
  33  6:36  Drone  
  33  6:37  Drone  
  35  6:45  Lurker Den  
  34  6:52  Drone x2  
  35  6:58  Drone  
  36  7:02  Overlord  
  36  7:06  Overlord  
  36  7:21  Drone x6  
  42  7:25  Drone  
  43  7:31  Hydralisk  
  43  7:36  Hydralisk  
  45  7:41  Hydralisk  
  48  8:02  Overlord  
  48  8:03  Drone x2  
  48  8:04  Drone  
  51  8:06  Overlord  
  51  8:21  Hydralisk, Lurker x3  
  56  8:30  Drone x7  
  62  8:36  Drone  
  63  8:43  Drone x3  
  65  8:49  Drone  
  65  8:53  Overlord  
  65  8:54  Drone  
  67  8:59  Hatchery  
  67  9:01  Lurker  
  67  9:13  Drone x2, Extractor x2  
  67  9:14  Drone  
  67  9:16  Hydralisk  
  67  9:17  Hydralisk x2  
  74  9:26  Nydus Canal  
  74  9:31  Drone  
  75  9:32  Overlord x2  
  75  9:33  Overlord  
  75  9:40  Overlord  
  75  9:49  Infestation Pit  
  74  9:55  Lurker x2  
  74  9:57  Drone x10  
  86  10:02  Lurker  
  87  10:11  Nydus Canal  
  87  10:15  Hydralisk x2  
  89  10:32  Hydralisk x2  
  89  10:33  Hydralisk x2, Zergling x4  
  89  10:34  Zergling x2  
  100  10:36  Overseer  
  100  10:42  Overlord  
  100  10:49  Drone x2  
  100  10:52  Extractor  
  100  10:53  Extractor, Hive  
  100  10:55  Drone x3  
  100  10:56  Queen  
  103  11:02  Nydus Canal  
  101  11:06  Hydralisk x2  
  101  11:08  Overlord  
  105  11:20  Drone x2  
  105  11:23  Drone  
  105  11:24  Drone  
  105  11:25  Queen  
  109  11:26  Drone x3  
  109  11:28  Hydralisk x2  
  109  11:32  Queen, Spore Crawler  
  119  11:33  Spore Crawler  
  119  11:35  Hydralisk  
  119  11:39  Lurker x3  
  123  11:41  Hydralisk  
  123  11:42  Zergling x2  
  125  11:56  Hydralisk x2  
  125  11:58  Overlord x3  
  129  12:01  Evolution Chamber  
  128  12:10  Queen  
  128  12:14  Overlord x2  
  130  12:24  Viper x3  
  130  12:29  Hydralisk, Zergling x6  
  144  12:30  Zergling x4  
  144  12:32  Overlord x2  
  145  12:53  Drone x2  
  145  12:56  Overseer  
  145  12:58  Hydralisk x7  
  145  13:19  Hydralisk x7  
  130  13:20  Zergling x8  
  127  13:27  Hydralisk  
  127  13:28  Zergling x4  
Show
View Real Time Build Order
Export as new Build Order

ShaDoWn Protoss - Winner!

Build Orders: 1 Gate Expand 

Get SALT Encoding   

  12  0:00  Probe  
  13  0:12  Probe  
  14  0:21  Pylon  
  14  0:24  Probe  
  15  0:35  Probe  
  16  0:43  Probe  
  16  0:44  Gateway  
  17  0:51  Assimilator  
  17  0:53  Probe  
  18  1:05  Probe  
  19  1:17  Probe  
  20  1:27  Nexus  
  20  1:37  Cybernetics Core  
  20  1:39  Probe  
  21  1:46  Assimilator  
  21  1:51  Probe  
  21  1:54  Pylon  
  22  2:03  Stalker, Probe  
  25  2:15  Probe  
  26  2:28  Probe  
  26  2:30  Warp Gate  
  26  2:31  Pylon  
  28  2:39  Sentry  
  28  2:44  Probe x2  
  30  2:54  Shield Battery  
  30  2:56  Pylon  
  30  2:59  Pylon  
  30  3:02  Sentry  
  30  3:03  Probe  
  33  3:11  Probe  
  34  3:24  Probe  
  34  3:25  Gateway  
  35  3:28  Stalker, Probe  
  35  3:30  Gateway  
  36  3:36  Probe  
  39  3:42  Probe  
  40  3:49  Pylon  
  40  3:55  Pylon  
  40  3:59  Shield Battery  
  40  4:04  Shield Battery  
  40  4:06  Probe x2  
  40  4:12  Shield Battery  
  38  4:21  Adept x2  
  40  4:27  Adept  
  40  4:29  Probe  
  40  4:42  Adept x2  
  44  4:48  Zealot  
  46  5:00  Probe  
  46  5:03  Zealot x2  
  49  5:08  Zealot  
  51  5:19  Zealot x2  
  52  5:32  Probe, Zealot  
  52  5:33  Probe  
  56  5:39  Phoenix  
  56  5:41  Probe  
  56  5:42  Probe  
  57  5:50  Probe  
  58  5:57  Probe  
  58  5:58  Probe, Cybernetics Core  
  60  6:09  Probe  
  60  6:10  Probe, Assimilator  
  62  6:19  Assimilator  
  62  6:27  Probe  
  62  6:30  Probe  
  60  6:35  Probe  
  60  6:38  Pylon  
  61  6:42  Probe  
  62  6:51  Warp Prism  
  62  6:55  Probe x2  
  62  6:56  Robotics Facility  
  62  6:57  Robotics Facility  
  60  7:07  Probe x2  
  62  7:12  Nexus  
  62  7:17  Zealot x2, Gateway  
  62  7:19  Probe, Gateway  
  62  7:20  Gateway  
  62  7:21  Probe  
  67  7:23  Pylon  
  67  7:24  Pylon  
  67  7:31  Probe  
  67  7:34  Immortal  
  68  7:37  Observer  
  68  7:38  Adept  
  68  7:41  Probe  
  68  7:42  Pylon  
  72  7:46  Adept  
  78  7:55  Immortal  
  78  8:04  Immortal  
  82  8:10  Forge  
  86  8:23  Zealot x2  
  90  8:30  Immortal  
  90  8:41  Pylon  
  94  8:42  Phoenix  
  94  8:43  Pylon  
  90  8:50  Warp Prism  
  90  8:52  Twilight Council  
  90  8:54  Protoss Ground Weapons Level 1  
  90  8:55  Nexus  
  90  8:57  Pylon  
  92  9:15  Probe x2  
  94  9:22  Immortal  
  98  9:27  Probe x2  
  98  9:28  Templar Archives  
  98  9:29  Charge, Immortal  
  104  9:40  Probe  
  105  10:01  Observer  
  105  10:02  Probe  
  105  10:04  High Templar x4  
  105  10:05  Zealot, Immortal  
  117  10:07  Probe x2, Pylon  
  117  10:08  Archon x2  
  124  10:14  Probe  
  124  10:18  Zealot  
  126  10:26  Probe  
  125  10:32  Probe x2  
  125  10:33  Immortal  
  131  10:38  Assimilator  
  131  10:39  Assimilator  
  131  10:44  Probe, Immortal  
  136  10:50  Probe  
  136  10:51  Probe  
  136  10:53  Pylon  
  136  10:56  High Templar  
  140  10:57  Photon Cannon  
  140  11:00  Pylon  
  140  11:01  Pylon x2  
  140  11:06  Zealot  
  141  11:12  Zealot x3  
  141  11:17  Protoss Ground Weapons Level 2  
  147  11:24  Immortal  
  151  11:27  High Templar x2  
  155  11:43  Observer  
  156  11:47  Nexus  
  156  11:50  Probe  
  156  11:52  Probe  
  156  11:53  Probe, Psionic Storm, Pylon  
  159  12:02  Probe  
  159  12:03  Observer  
  159  12:05  High Templar x2  
  165  12:08  Photon Cannon  
  165  12:09  Probe  
  165  12:10  Photon Cannon  
  165  12:12  Immortal  
  165  12:15  Photon Cannon  
  170  12:17  Probe  
  170  12:18  Probe  
  170  12:22  Probe  
  173  12:29  Probe  
  174  12:30  Probe  
  174  12:31  Assimilator x2  
  174  12:32  Pylon  
  174  12:34  Pylon  
  174  12:36  Pylon  
  175  12:47  Zealot  
  175  12:48  Zealot x2  
  181  12:52  Zealot x3  
  187  13:01  Stargate  
  153  13:20  Zealot x6  
  163  13:29  Archon  
  161  13:37  Probe  
  161  13:42  Gateway  
  161  13:47  Archon  
  165  13:48  Zealot x6  
  165  13:54  Stargate  
Tags
 
Add a new tag
Caveats
  • Supply blocks, unpowered buildings, or Contaminate may cause inaccurate times.
  • Supply counts are checked every 10 seconds.